 Dungeon Crawl Stone Soup version 0.25-a0-109-ge9c0e85935 (webtiles) character file.

Game seed: 15619387191235746537, levelgen mode: deterministic

123 vurker the Skirmisher (level 5, -1/42 HPs)
             Began as a Formicid Abyssal Knight on Nov 18, 2019.
             Was a Believer of Lugonu.
             Slain by a centaur (9 damage)
             ... on level 2 of the Dungeon.
             The game lasted 00:03:19 (3066 turns).

vurker the Skirmisher (Formicid Abyssal Knight)     Turns: 3066, Time: 00:03:20

Health: -1/42      AC:  3    Str: 18    XL:     5   Next: 28%
Magic:  7/7        EV: 11    Int: 11    God:    Lugonu [**....]
Gold:   162        SH:  0    Dex: 10    Spells: 4/4 levels left

rFire    . . .     SeeInvis +   a - +1 hand axe
rCold    . . .     Gourm    .   (no shield)
rNeg     . . .     Faith    .   b - +0 leather armour
rPois    .         Spirit   .   (helmet unavailable)
rElec    .         Reflect  .   (no cloak)
rCorr    .         Harm     .   (no gloves)
MR       .....                  (no boots)
Stlth    +.........             (no amulet)
HPRegen  0.14/turn              (no ring)
MPRegen  0.10/turn              (no ring)

@: no status effects
A: permanent stasis, dig shafts and tunnels, four strong arms, antennae 3
a: Dig, Shaft Self, Depart the Abyss, Bend Space, Renounce Religion


You were on level 2 of the Dungeon.
You worshipped Lugonu.
Lugonu was pleased with you.
You were not hungry.

You visited 1 branch of the dungeon, and saw 2 of its levels.
You visited the Abyss 1 time.

You collected 162 gold pieces.

Inventory:

Hand Weapons
 a - a +1 hand axe (weapon)
Armour
 b - a +0 leather armour (worn)
Jewellery
 n - an uncursed ring of fire
   (You found it on level 2 of the Dungeon)
Scrolls
 c - a scroll of fear {unknown}
 f - 2 scrolls of remove curse {unknown}
 h - a scroll of enchant weapon {unknown}
 j - a scroll of teleportation {unknown}
 k - 6 scrolls of identify {unknown}
Potions
 d - a potion of lignification {unknown}
 g - 3 potions of curing {unknown}
 l - 2 potions of brilliance {unknown}
 m - a potion of heal wounds {unknown}
 o - a potion of haste {unknown}
Comestibles
 e - 5 rations


   Skills:
 + Level 4.2 Fighting
 * Level 3.8 Axes
 - Level 2.1 Armour
 - Level 0.8 Dodging
 + Level 3.5 Invocations


You had 4 spell levels left.
You didn't know any spells.
Your spell library was empty.

Dungeon Overview and Level Annotations

Branches:
Dungeon (2/15)

Altars:
Sif Muna
Wu Jian


Innate Abilities, Weirdness & Mutations

You cannot be hasted, slowed, berserked, paralysed or teleported.
You can dig through walls and to a lower floor.
Your four strong arms can wield two-handed weapons with a shield.
You have a pair of large antennae on your head. (SInv)


Message History

The giant cockroach closely misses you.
You hit the giant cockroach. The giant cockroach misses you.
You closely miss the giant cockroach. The giant cockroach closely misses you.
You hit the giant cockroach.
You kill the giant cockroach!
Lugonu accepts your kill.
No target in view!
No target in view!
No target in view!
No target in view!
No target in view!
No target in view!
No target in view!
No target in view!
No target in view!
No target in view!
All of the chunks of flesh in your inventory have rotted away.
Found a ration.
A centaur comes into view.
The centaur wields a +0 shortbow.
The centaur shoots an arrow.
The arrow hits you.
You see here an arrow.
A centaur is nearby!
A centaur is nearby!
The centaur shoots an arrow.
The arrow misses you.
The centaur shoots an arrow.
The arrow hits you.
Things that are here:
an arrow; a ration The centaur shoots an arrow.
The arrow hits you!
The centaur unwields a +0 shortbow.
The centaur hits you but does no damage.
You hit the centaur but do no damage. The centaur closely misses you.
You barely miss the centaur. The centaur hits you.
The centaur closely misses you.
You hit the centaur but do no damage. The centaur hits you. x2
* * * LOW HITPOINT WARNING * * *
You hit the centaur. The centaur closely misses you.
You hit the centaur. The centaur hits you!
* * * LOW HITPOINT WARNING * * *
The centaur hits you.
* * * LOW HITPOINT WARNING * * *
You aren't carrying any items that you can evoke.
Unknown command.
You completely miss the centaur. The centaur closely misses you.
The centaur barely misses you.
You barely miss the centaur. The centaur closely misses you.
The centaur hits you but does no damage.
You hit the centaur. The centaur barely misses you.
You hit the centaur. The centaur closely misses you. The centaur hits you!
You die...

#......#..#
#.####
#.####.##.#
#....###### ..##
#....#
##........# ...#
###### #..^.....#
.......
#.(......#
##.#.#.#
######........#
##.#...
.......(......#
##.# ...
###...........#
##.# ..#
#....@......# #..
.# #....c.######
#..###..
...#...### #....>
####...
###.####### ####
#.........#
########
...######.#
#......# .(.# #.#
##### #......#
..)# #.#
#...####......###


You could see a centaur.

Vanquished Creatures
  3 adders (D:2)
  3 oozes
  A worm (D:2)
  3 dart slugs (D:1)
  2 leopard geckos (D:1)
  2 ball pythons (D:1)
  12 bats
  3 giant cockroaches
  9 goblins
  9 hobgoblins
  2 frilled lizards (D:1)
  11 kobolds
  14 rats
74 creatures vanquished.

Notes
Turn   | Place    | Note
-------+----------+-------------------------------------------
     0 | Abyss:1  | vurker the Formicid Abyssal Knight began the quest for the
                  | Orb.
     0 | Abyss:1  | Reached XP level 1. HP: 18/18 MP: 2/2
    22 | Abyss:1  | Noticed a wight
    22 | Abyss:1  | Noticed a large abomination
    23 | D:1      | Escaped the Abyss
   117 | D:1      | Reached XP level 2. HP: 22/24 MP: 3/3
   125 | D:1      | Reached * piety under Lugonu
   531 | D:1      | Reached XP level 3. HP: 29/29 MP: 4/4
  1385 | D:1      | You fall into a shaft and drop 1 floor!
  1401 | D:2      | Reached XP level 4. HP: 24/37 MP: 6/6
  1952 | D:1      | Reached ** piety under Lugonu
  1960 | D:1      | Reached skill level 4 in Fighting
  2181 | D:2      | Found an ornate altar of the Wu Jian Council.
  2652 | D:2      | Reached XP level 5. HP: 34/42 MP: 7/7
  2853 | D:2      | Found a shimmering blue altar of Sif Muna.
  3053 | D:2      | Noticed a centaur
  3066 | D:2      | Slain by a centaur

Levels and vault maps discovered:
D:1:      erik_arrival_cave_to_civilisation [erik_arrival_cave_to_temple],
          layout_basic, chequers_serial_rivers_micro_a
D:2:      minmay_alternating_diamond, layout_basic, old_standard_altar,
          lemuel_doored_altar

Skill      XL: |  1  2  3  4 |
---------------+-------------+-----
Axes           | 3 |  3.8
Invocations    | 3 |  3.5
Fighting       | 4 |  4.2
Armour         | |  2.1
Dodging        | |  0.8

Action                   |  1- 3 |  4- 6 || total
-------------------------+-------+-------++-------
Melee: Hand axe          |    99 |   129 ||   228
Invok: Depart the Abyss  |     1 |       ||     1
 Abil: Dig               |       |     1 ||     1
  Eat: Chunk             |     1 |     6 ||     7
Armor: Leather armour    |    30 |    34 ||    64
Dodge: Dodged            |    64 |   100 ||   164

Table legend:
 A = Non-vault XP
 B = Vault XP
 C = Vault XP percentage of total XP
 D = Non-vault monster count
 E = Vault monster count
 F = Vault count percentage of total count
                 A         B        C        D         E       F
            +---------+---------+-------+---------+---------+-------
      Total |     132 |      44 |  25.0 |      52 |      22 |  29.7
            +---------+---------+-------+---------+---------+-------
        D:1 |      65 |      27 |  29.3 |      33 |      19 |  36.5
        D:2 |      67 |      17 |  20.2 |      19 |       3 |  13.6
            +---------+---------+-------+---------+---------+-------
